 Dungeon Crawl Stone Soup version 0.26-a0-597-gb535b0901c (webtiles) character file.

Game seed: 9961308863820647066

182 HoaS the Shield-Bearer (level 5, -7/41 HPs)
             Began as a Formicid Fighter on Aug 29, 2020.
             Mangled by Menkaure (18 damage)
             ... on level 4 of the Dungeon.
             The game lasted 00:04:57 (2513 turns).

HoaS the Shield-Bearer (Formicid Fighter)           Turns: 2513, Time: 00:04:57

Health: -7/41      AC:  8    Str: 21    XL:     5   Next: 93%
Magic:  5/5        EV:  8    Int:  8    God:
Gold:   137        SH: 10    Dex: 10    Spells: 4/4 levels left

rFire    . . .     SeeInvis +   a - +2 quarterstaff
rCold    . . .     Faith    .   c - +0 kite shield
rNeg     . . .     Spirit   .   b - +0 scale mail
rPois    .         Reflect  .   (helmet unavailable)
rElec    .         Harm     .   l - +0 cloak (curse)
rCorr    .                      (no gloves)
MR       .....                  (no boots)
Stlth    ..........             (no amulet)
HPRegen  0.13/turn              (no ring)
MPRegen  0.09/turn              (no ring)

@: mighty
A: permanent stasis, dig shafts and tunnels, four strong arms, antennae 3
a: Dig, Shaft Self


You were on level 4 of the Dungeon.
You visited 1 branch of the dungeon, and saw 4 of its levels.

You collected 137 gold pieces.

Inventory:

Hand Weapons
 a - a +2 quarterstaff (weapon)
Armour
 b - a +0 scale mail (worn)
 c - a +0 kite shield (worn)
 l - a cursed +0 cloak (worn)
Scrolls
 h - a scroll of identify
 m - 5 scrolls of remove curse
Potions
 f - a potion of stabbing {unknown}
 g - a potion of heal wounds {unknown}
 i - a potion of mutation {unknown}
 j - a potion of invisibility {unknown}
 k - a potion of curing {unknown}
 n - a potion of resistance {unknown}
 o - a potion of flight {unknown}


   Skills:
 - Level 3.2 Fighting
 * Level 4.7 Staves
 - Level 3.2 Armour
 + Level 5.1 Shields


You had 4 spell levels left.
You didn't know any spells.
Your spell library was empty.

Dungeon Overview and Level Annotations

Branches:
Dungeon (4/15)
 Temple: D:4-7

Altars:
Dithmenos
Kikubaaqudgha

Annotations:
D:4 Menkaure


Innate Abilities, Weirdness & Mutations

You cannot be hasted, slowed, berserked, paralysed or teleported.
You can dig through walls and to a lower floor.
Your four strong arms can wield two-handed weapons with a shield.
You have a pair of large antennae on your head. (SInv)


Message History

Menkaure calls on the powers of darkness!
Your body is wracked with pain!
Menkaure casts a spell at you. Pain shoots through your body!
You are too injured to fight recklessly!
You are too injured to fight recklessly!
You are too injured to fight recklessly!
You block Menkaure's attack.
You sock Menkaure!
Menkaure is moderately damaged.
Menkaure casts a spell at you. Pain shoots through your body!
You sock Menkaure!
Menkaure is almost destroyed.
Menkaure barely misses you.
You barely miss Menkaure.
Menkaure is almost destroyed.
Menkaure sighs, "It doesn't hurt if you pull your brain out of your nose yourself."
Menkaure hits you!!
You die...

#....# #....######
#...#......
####...#......
#.............
#............
#........# ##
#..M@....###...
#####+#........
#......#.##
#.#..#.#
###############.##
#
#................#
#.#############..#
#.#........# <..#
#.#.######.# ...#


You could see Menkaure.

Vanquished Creatures
  An ogre (D:4)
  Natasha (D:3)
  2 adders
  An ooze (D:1)
  An adder skeleton (D:4)
  2 dart slugs
  2 orcs (D:3)
  3 giant cockroaches
  6 goblins
  7 hobgoblins
  5 kobolds
  3 quokkas (D:2)
  A ball python (D:1)
  7 bats
  3 frilled lizards
  2 rats
47 creatures vanquished.

Notes
Turn   | Place    | Note
-------+----------+-------------------------------------------
     0 | D:1      | HoaS the Formicid Fighter began the quest for the Orb.
     0 | D:1      | Reached XP level 1. HP: 18/18 MP: 1/1
    58 | D:1      | Reached XP level 2. HP: 19/24 MP: 2/2
   343 | D:1      | Reached skill level 4 in Shields
   764 | D:1      | Reached XP level 3. HP: 24/29 MP: 3/3
  1091 | D:2      | Found a faded altar of an unknown god.
  1281 | D:2      | Reached XP level 4. HP: 35/35 MP: 4/4
  1634 | D:3      | Found an ancient bone altar of Kikubaaqudgha.
  1661 | D:3      | Found a shadowy altar of Dithmenos.
  2167 | D:3      | Noticed Natasha
  2177 | D:3      | Killed Natasha
  2177 | D:3      | Reached XP level 5. HP: 24/41 MP: 5/5
  2472 | D:4      | Noticed an ogre
  2479 | D:4      | Killed an ogre
  2479 | D:4      | Reached skill level 5 in Shields
  2505 | D:4      | Noticed Menkaure
  2513 | D:4      | Mangled by Menkaure

Illustrated notes

Levels and vault maps discovered:
D:1:      mrwooster_arrival_statue, layout_basic, minmay_domino_4
D:2:      layout_loops_ring, chequers_ecumenical_altar_simple_redux
D:3:      layout_basic, old_standard_altar, nicolae_dithmenos_shadow_blocks,
          uniq_natasha
D:4:      layout_basic, amethyst_overflow_temple_binary, uniq_ijyb,
          uniq_blork_the_orc, uniq_menkaure

Skill      XL: |  1  2  3  4  5 |
---------------+----------------+-----
Shields        | 4 5 |  5.1
Staves         | 3 4 |  4.7
Fighting       | |  3.2
Armour         | |  3.2

Action                   |  1- 3 |  4- 6 || total
-------------------------+-------+-------++-------
Melee: Quarterstaff      |    70 |    44 ||   114
  Use: Scroll            |     4 |     4 ||     8
       Potion            |       |     1 ||     1
Armor: Scale mail        |    18 |     7 ||    25
Dodge: Dodged            |    21 |     8 ||    29
Block: Kite shield       |    34 |    12 ||    46

Table legend: (Time is in decaauts)
 A = Elapsed time spent in this place.
 B = Non-inter-level travel time spent in this place.
 C = Inter-level travel time spent in this place.
 D = Time resting spent in this place.
 E = Time spent auto-exploring this place.
 F = Levels seen in this place.
 G = Mean time per level.
                   A        B        C        D        E       F      G
               +--------+--------+--------+--------+--------+-----+--------+
         Total |   2537 |   2467 |     70 |    371 |   1742 |   4 |  634.2 |
       Dungeon |   2537 |   2467 |     70 |    371 |   1742 |   4 |  634.2 |
               +--------+--------+--------+--------+--------+-----+--------+

Top non-repeatable levels by time:
     D:1: 991 daAuts
     D:3: 938 daAuts
     D:2: 539 daAuts
     D:4: 67 daAuts
